General information
- name: BNet
- type: Ladder team game (AT/RT)
- host: Battle.net
- saver: HotDogPizza1
map: GolemsInTheMist
- players: 8
- length: 31:50
- speed: Fast
- version: 1.26 W3XP
- replay type:

» download(332 KB)
Players
team 1 (loser)
love-life (
green | 43 APM | 1370 actions | 31:48)
2 Archmage
1 Blizzard
1 Brilliance Aura
1 Paladin
1 Holy Light
» actions
| Build / train | 54 | |
| Enter build submenu | 18 | |
| Enter hero's abilities submenu | 3 | |
| Give item / drop item | 1 | |
| Right click | 1033 | |
| Select / deselect | 165 | |
| Use ability | 96 | |
1370 total
» units
» upgrades
| Swords | 2 | |
| Armor | 2 | |
| Lumber Harvesting | 1 | |
5 total
» buildings
| Altar of Kings | 1 | |
| Farm | 8 | |
| Scout Tower | 2 | |
| Arcane Tower | 1 | |
| Arcane Vault | 2 | |
| Keep | 1 | |
| Blacksmith | 1 | |
| Castle | 1 | |
| Lumber Mill | 1 | |
| Gryphon Aviary | 2 | |
20 total
» build order
00:08 Altar of Kings
00:12 Farm
01:57 Scout Tower
02:17 Arcane Tower
04:18 Arcane Vault
11:43 Keep
13:50 Blacksmith
14:47 Farm
17:16 Castle
17:25 Lumber Mill
19:24 Gryphon Aviary
19:29 Gryphon Aviary
20:20 Scout Tower
20:43 Arcane Vault
21:55 Farm
22:53 Farm
23:35 Farm
24:55 Farm
25:38 Farm
26:21 Farm
» items
| Lesser Clarity Potion | 11 | |
| Scroll of Regeneration | 7 | |
| Healing Salve | 3 | |
| Potion of Healing | 5 | |
| Rod of Necromancy | 1 | |
| Potion of Mana | 3 | |
| Scroll of Town Portal | 1 | |
31 total
MightySwarm (
pink | 91 APM | 2552 actions | 28:00)
2 Tauren Chieftain
1 Shockwave
1 Endurance Aura
1 Shadow Hunter
1 Hex
1 Blademaster
1 Wind Walk
» actions
| Assign group hotkey | 173 | |
| Basic commands | 118 | |
| Build / train | 89 | |
| ESC pressed | 3 | |
| Enter build submenu | 37 | |
| Enter hero's abilities submenu | 4 | |
| Give item / drop item | 2 | |
| Remove unit from queue | 4 | |
| Right click | 830 | |
| Select / deselect | 476 | |
| Select group hotkey | 605 | |
| Use ability | 211 | |
2552 total
» units
| Peon | 23 | |
| Troll Headhunter/Berserker | 9 | |
| Demolisher | 6 | |
38 total
» upgrades
| Armor | 1 | |
| Troll Regeneration | 1 | |
| Ranged Weapons | 2 | |
| Burning Oil | 1 | |
5 total
» buildings
| War Mill | 2 | |
| Barracks | 2 | |
| Altar of Storms | 1 | |
| Orc Burrow | 6 | |
| Voodoo Lounge | 4 | |
| Stronghold | 2 | |
| Watch Tower | 15 | |
| Great Hall | 1 | |
| Fortress | 2 | |
| Spirit Lodge | 3 | |
38 total
» build order
00:08 War Mill
00:24 Barracks
00:46 Altar of Storms
01:11 Orc Burrow
02:12 Orc Burrow
03:20 Voodoo Lounge
04:24 Voodoo Lounge
04:30 Stronghold
04:54 Orc Burrow
06:04 Watch Tower
07:38 Barracks
07:54 Watch Tower
08:07 Orc Burrow
09:03 Watch Tower
09:35 Orc Burrow
09:37 Orc Burrow
10:01 Great Hall
10:03 Watch Tower
12:07 Watch Tower
12:08 Watch Tower
12:57 Watch Tower
13:14 Watch Tower
13:23 Watch Tower
13:33 Voodoo Lounge
13:45 Voodoo Lounge
13:59 Watch Tower
14:00 Watch Tower
17:30 War Mill
17:57 Watch Tower
17:58 Watch Tower
19:23 Fortress
19:26 Spirit Lodge
19:27 Spirit Lodge
21:09 Spirit Lodge
21:38 Watch Tower
21:40 Watch Tower
» items
| Healing Salve | 4 | |
| Lesser Clarity Potion | 6 | |
| Scroll of Speed | 2 | |
| Potion of Healing | 4 | |
| Potion of Mana | 3 | |
| Orb of Lightning | 1 | |
20 total
qwar2k (
red | 85 APM | 2380 actions | 28:06)
3 Demon Hunter
2 Mana Burn
1 Evasion
» actions
| Assign group hotkey | 84 | |
| Basic commands | 35 | |
| Build / train | 88 | |
| ESC pressed | 5 | |
| Enter build submenu | 36 | |
| Enter hero's abilities submenu | 3 | |
| Give item / drop item | 1 | |
| Right click | 996 | |
| Select / deselect | 409 | |
| Select group hotkey | 593 | |
| Use ability | 130 | |
2380 total
» units
| Wisp | 29 | |
| Huntress | 2 | |
| Glaive Thrower | 1 | |
| Hippogryph | 1 | |
| Chimaera | 10 | |
43 total
» upgrades
| Strength of the Wild | 4 | |
| Reinforced Hides | 3 | |
| Corrosive Breath | 1 | |
| Ultravision | 1 | |
| Well Spring | 1 | |
10 total
» buildings
| Altar of Elders | 1 | |
| Moon Well | 12 | |
| Ancient of War | 6 | |
| Hunter's Hall | 1 | |
| Ancient Protector | 6 | |
| Tree of Ages | 6 | |
| Tree of Eternity | 2 | |
| Ancient of Wind | 1 | |
| Chimaera Roost | 4 | |
| Tree of Life | 1 | |
| Ancient of Wonders | 1 | |
41 total
» build order
00:17 Altar of Elders
00:19 Moon Well
01:00 Ancient of War
01:44 Hunter's Hall
01:51 Ancient of War
02:03 Ancient of War
02:07 Ancient of War
02:25 Moon Well
02:28 Moon Well
02:36 Ancient of War
03:02 Moon Well
03:26 Moon Well
04:20 Ancient Protector
04:26 Ancient of War
04:29 Ancient Protector
04:34 Ancient Protector
04:40 Moon Well
05:10 Tree of Ages
05:11 Tree of Ages
05:16 Ancient Protector
06:44 Ancient Protector
07:56 Tree of Eternity
07:56 Tree of Eternity
08:25 Ancient of Wind
08:28 Moon Well
08:31 Moon Well
09:26 Moon Well
10:22 Chimaera Roost
10:27 Chimaera Roost
10:29 Chimaera Roost
10:50 Chimaera Roost
10:53 Moon Well
13:35 Tree of Life
13:46 Moon Well
14:08 Moon Well
15:21 Ancient of Wonders
15:42 Ancient Protector
» items
| Orb of Lightning | 2 | |
| Potion of Healing | 1 | |
| Scroll of Speed | 2 | |
| Healing Salve | 1 | |
6 total
The_zarko (
yellow | 94 APM | 2655 actions | 28:18)
4 Death Knight
2 Death Coil
2 Unholy Aura
3 Lich
2 Frost Nova
1 Frost Armor
» actions
| Assign group hotkey | 51 | |
| Basic commands | 102 | |
| Build / train | 80 | |
| Enter build submenu | 20 | |
| Enter hero's abilities submenu | 7 | |
| Give item / drop item | 2 | |
| Right click | 1124 | |
| Select / deselect | 472 | |
| Select group hotkey | 655 | |
| Use ability | 142 | |
2655 total
» units
| Acolyte | 9 | |
| Ghoul | 5 | |
| Crypt Fiend | 12 | |
| Goblin Zeppelin | 2 | |
| Frost Wyrm | 10 | |
38 total
» upgrades
| Creature Attack | 3 | |
| Creature Carapace | 3 | |
| Burrow | 1 | |
| Web | 1 | |
| Freezing Breath | 1 | |
9 total
» buildings
| Crypt | 1 | |
| Graveyard | 1 | |
| Ziggurat | 8 | |
| Altar of Darkness | 1 | |
| Tomb of Relics | 1 | |
| Nerubian Tower | 1 | |
| Halls of the Dead | 1 | |
| Black Citadel | 2 | |
| Sacrificial Pit | 1 | |
| Boneyard | 2 | |
| Necropolis | 2 | |
21 total
» build order
00:25 Crypt
00:31 Graveyard
00:41 Ziggurat
00:59 Altar of Darkness
01:49 Tomb of Relics
01:54 Nerubian Tower
02:04 Ziggurat
04:20 Halls of the Dead
05:45 Ziggurat
07:19 Black Citadel
08:53 Ziggurat
08:55 Ziggurat
09:34 Sacrificial Pit
11:24 Boneyard
11:27 Boneyard
11:29 Ziggurat
13:21 Necropolis
13:25 Necropolis
17:04 Ziggurat
17:06 Ziggurat
» items
| Rod of Necromancy | 1 | |
| Dust of Appearance | 2 | |
| Potion of Healing | 3 | |
| Scroll of Healing | 6 | |
12 total
team 2 (winner)
Birdeneering (
orange | 131 APM | 4174 actions | 31:49)
6 Blademaster
2 Wind Walk
3 Critical Strike
1 Bladestorm
» actions
| Assign group hotkey | 761 | |
| Basic commands | 4 | |
| Build / train | 80 | |
| Enter build submenu | 16 | |
| Enter hero's abilities submenu | 6 | |
| Give item / drop item | 1 | |
| Right click | 2524 | |
| Select / deselect | 221 | |
| Select group hotkey | 396 | |
| Use ability | 165 | |
4174 total
» units
» upgrades
| Ranged Weapons | 3 | |
| Armor | 4 | |
| Liquid Fire | 1 | |
8 total
» buildings
| Altar of Storms | 1 | |
| Orc Burrow | 4 | |
| Voodoo Lounge | 7 | |
| Stronghold | 1 | |
| War Mill | 1 | |
| Fortress | 1 | |
| Beastiary | 3 | |
18 total
» build order
00:05 Altar of Storms
00:19 Orc Burrow
01:53 Voodoo Lounge
01:56 Voodoo Lounge
02:25 Voodoo Lounge
02:59 Voodoo Lounge
03:30 Voodoo Lounge
04:54 Stronghold
05:55 Orc Burrow
05:56 War Mill
06:52 Voodoo Lounge
07:41 Orc Burrow
07:42 Fortress
07:47 Beastiary
07:51 Beastiary
07:54 Beastiary
08:20 Voodoo Lounge
08:36 Orc Burrow
» items
| Healing Salve | 2 | |
| Lesser Clarity Potion | 9 | |
| Orb of Lightning | 1 | |
| Potion of Healing | 2 | |
| Potion of Mana | 2 | |
16 total
GoToYurup (
purple | 94 APM | 2995 actions | 31:49)
5 Warden
3 Shadow Strike
2 Blink
» actions
| Assign group hotkey | 164 | |
| Basic commands | 20 | |
| Build / train | 93 | |
| ESC pressed | 7 | |
| Enter build submenu | 30 | |
| Enter hero's abilities submenu | 5 | |
| Remove unit from queue | 5 | |
| Right click | 1785 | |
| Select / deselect | 372 | |
| Select group hotkey | 303 | |
| Use ability | 211 | |
2995 total
» units
| Wisp | 39 | |
| Druid of the Talon | 5 | |
44 total
» upgrades
| Well Spring | 1 | |
| Reinforced Hides | 3 | |
| Corrosive Breath | 1 | |
| Strength of the Wild | 3 | |
| Druid of the Talon Training | 2 | |
| Mark of the Talon | 1 | |
11 total
» buildings
| Altar of Elders | 1 | |
| Moon Well | 14 | |
| Tree of Ages | 4 | |
| Hunter's Hall | 1 | |
| Tree of Eternity | 1 | |
| Ancient of Wind | 1 | |
| Tree of Life | 6 | |
| Chimaera Roost | 3 | |
31 total
» build order
00:01 Altar of Elders
00:02 Moon Well
01:52 Moon Well
03:22 Moon Well
03:52 Moon Well
05:55 Tree of Ages
05:55 Tree of Ages
05:55 Tree of Ages
07:53 Moon Well
07:54 Moon Well
07:55 Moon Well
07:57 Moon Well
08:34 Hunter's Hall
09:18 Tree of Eternity
09:28 Ancient of Wind
10:19 Tree of Life
10:22 Tree of Life
11:13 Tree of Life
11:46 Tree of Life
12:19 Moon Well
13:16 Moon Well
13:23 Moon Well
13:29 Moon Well
13:33 Moon Well
13:35 Moon Well
13:45 Chimaera Roost
13:45 Chimaera Roost
15:18 Chimaera Roost
19:14 Tree of Life
28:57 Tree of Life
» items
| Healing Salve | 2 | |
| Lesser Clarity Potion | 2 | |
| Orb of Lightning | 1 | |
| Potion of Healing | 1 | |
| Potion of Mana | 1 | |
| Scroll of Speed | 1 | |
8 total
HotDogPizza1 (
blue | 124 APM | 3943 actions | 31:49)
4 Archmage
2 Blizzard
2 Brilliance Aura
3 Mountain King
2 Storm Bolt
1 Bash
3 Paladin
2 Holy Light
1 Divine Shield
» actions
| Assign group hotkey | 11 | |
| Basic commands | 10 | |
| Build / train | 147 | |
| Enter build submenu | 80 | |
| Enter hero's abilities submenu | 11 | |
| Right click | 2404 | |
| Select / deselect | 556 | |
| Select group hotkey | 379 | |
| Use ability | 345 | |
3943 total
» units
| Peasant | 20 | |
| Priest | 1 | |
| Dragonhawk Rider | 7 | |
| Sorceress | 1 | |
29 total
» upgrades
| Masonry | 3 | |
| Magic Sentry | 1 | |
| Sorceress Training | 1 | |
| Swords | 3 | |
| Armor | 3 | |
| Animal War Training | 1 | |
| Cloud | 1 | |
13 total
» buildings
| Altar of Kings | 1 | |
| Farm | 5 | |
| Lumber Mill | 1 | |
| Scout Tower | 82 | |
| Guard Tower | 44 | |
| Arcane Tower | 6 | |
| Keep | 5 | |
| Town Hall | 1 | |
| Arcane Vault | 1 | |
| Castle | 2 | |
| Gryphon Aviary | 2 | |
| Blacksmith | 1 | |
| Arcane Sanctum | 1 | |
| Barracks | 1 | |
153 total
» build order
00:08 Altar of Kings
00:23 Farm
00:36 Lumber Mill
00:58 Farm
01:25 Scout Tower
01:43 Scout Tower
01:47 Scout Tower
01:49 Scout Tower
01:54 Guard Tower
01:56 Scout Tower
02:16 Scout Tower
02:18 Arcane Tower
02:20 Scout Tower
02:39 Guard Tower
02:43 Scout Tower
02:46 Guard Tower
02:46 Guard Tower
02:46 Guard Tower
02:47 Guard Tower
03:09 Scout Tower
03:11 Guard Tower
03:11 Arcane Tower
03:12 Arcane Tower
03:12 Arcane Tower
03:21 Guard Tower
03:22 Guard Tower
03:22 Guard Tower
03:30 Scout Tower
03:30 Scout Tower
04:03 Guard Tower
04:06 Scout Tower
04:23 Scout Tower
04:25 Guard Tower
04:27 Scout Tower
04:30 Scout Tower
04:53 Guard Tower
04:55 Scout Tower
04:56 Scout Tower
04:56 Scout Tower
05:01 Guard Tower
05:03 Scout Tower
05:24 Keep
05:24 Keep
05:24 Keep
05:24 Keep
05:28 Guard Tower
05:31 Scout Tower
05:35 Guard Tower
05:48 Guard Tower
05:51 Guard Tower
06:38 Scout Tower
06:39 Scout Tower
06:41 Guard Tower
06:43 Scout Tower
06:44 Scout Tower
06:56 Scout Tower
06:56 Scout Tower
07:03 Scout Tower
07:06 Farm
07:09 Farm
07:12 Guard Tower
07:12 Guard Tower
07:48 Guard Tower
07:50 Scout Tower
07:51 Scout Tower
07:57 Guard Tower
08:11 Scout Tower
08:23 Scout Tower
08:34 Guard Tower
09:18 Scout Tower
09:19 Scout Tower
09:20 Scout Tower
09:26 Scout Tower
09:27 Scout Tower
09:36 Arcane Tower
10:18 Town Hall
10:31 Guard Tower
10:48 Farm
10:57 Arcane Vault
11:15 Guard Tower
12:07 Castle
12:07 Castle
12:07 Guard Tower
12:07 Guard Tower
12:56 Scout Tower
12:57 Scout Tower
12:57 Scout Tower
12:58 Scout Tower
13:01 Scout Tower
13:02 Scout Tower
13:06 Scout Tower
13:07 Scout Tower
13:38 Gryphon Aviary
13:41 Gryphon Aviary
13:42 Blacksmith
13:50 Arcane Sanctum
14:44 Guard Tower
15:29 Guard Tower
15:31 Guard Tower
15:33 Scout Tower
15:33 Scout Tower
15:36 Scout Tower
15:37 Scout Tower
15:38 Scout Tower
17:20 Barracks
19:05 Guard Tower
19:06 Scout Tower
19:07 Scout Tower
19:28 Scout Tower
19:29 Scout Tower
19:30 Scout Tower
19:30 Scout Tower
23:15 Guard Tower
24:15 Scout Tower
24:16 Scout Tower
24:17 Scout Tower
24:17 Scout Tower
24:18 Scout Tower
24:19 Scout Tower
24:19 Scout Tower
24:37 Guard Tower
25:28 Guard Tower
25:29 Scout Tower
25:30 Scout Tower
25:30 Scout Tower
25:33 Scout Tower
25:34 Scout Tower
25:36 Scout Tower
25:36 Scout Tower
25:43 Scout Tower
25:43 Scout Tower
25:44 Scout Tower
25:44 Scout Tower
26:09 Guard Tower
26:29 Guard Tower
26:35 Guard Tower
26:55 Guard Tower
27:14 Guard Tower
27:29 Scout Tower
27:31 Scout Tower
27:31 Scout Tower
27:36 Scout Tower
27:36 Scout Tower
27:37 Scout Tower
27:38 Scout Tower
27:39 Scout Tower
27:39 Scout Tower
28:45 Guard Tower
29:52 Guard Tower
» items
| Healing Salve | 5 | |
| Lesser Clarity Potion | 14 | |
| Orb of Lightning | 3 | |
| Staff of Sanctuary | 2 | |
| Potion of Healing | 1 | |
| Scroll of Speed | 1 | |
26 total
nutsonyochin.de (
teal | 114 APM | 3627 actions | 31:49)
5 Archmage
3 Blizzard
2 Brilliance Aura
3 Mountain King
2 Storm Bolt
1 Bash
3 Paladin
2 Holy Light
1 Divine Shield
» actions
| Assign group hotkey | 6 | |
| Basic commands | 45 | |
| Build / train | 136 | |
| ESC pressed | 8 | |
| Enter build submenu | 116 | |
| Enter hero's abilities submenu | 11 | |
| Give item / drop item | 3 | |
| Right click | 1821 | |
| Select / deselect | 365 | |
| Select group hotkey | 783 | |
| Use ability | 333 | |
3627 total
» units
» upgrades
| Masonry | 3 | |
| Lumber Harvesting | 2 | |
| Magic Sentry | 1 | |
6 total
» buildings
| Lumber Mill | 1 | |
| Farm | 3 | |
| Altar of Kings | 2 | |
| Scout Tower | 129 | |
| Arcane Tower | 6 | |
| Guard Tower | 67 | |
| Keep | 1 | |
| Town Hall | 1 | |
| Arcane Sanctum | 2 | |
| Castle | 5 | |
| Arcane Vault | 6 | |
223 total
» build order
00:10 Lumber Mill
00:33 Farm
00:35 Altar of Kings
00:52 Scout Tower
01:08 Scout Tower
01:26 Scout Tower
01:28 Altar of Kings
01:32 Arcane Tower
01:32 Arcane Tower
01:32 Arcane Tower
01:32 Arcane Tower
01:44 Scout Tower
01:59 Arcane Tower
02:01 Scout Tower
02:06 Farm
02:12 Scout Tower
02:13 Scout Tower
02:15 Guard Tower
02:17 Scout Tower
02:32 Guard Tower
02:41 Scout Tower
02:44 Guard Tower
02:45 Scout Tower
02:50 Guard Tower
02:59 Guard Tower
03:02 Guard Tower
03:18 Guard Tower
03:20 Scout Tower
03:21 Scout Tower
03:27 Scout Tower
03:29 Scout Tower
03:56 Guard Tower
04:27 Arcane Tower
04:33 Guard Tower
04:34 Scout Tower
04:35 Scout Tower
04:41 Scout Tower
04:42 Scout Tower
05:09 Guard Tower
05:15 Guard Tower
05:45 Guard Tower
05:48 Scout Tower
05:48 Scout Tower
05:56 Scout Tower
06:01 Keep
06:21 Town Hall
06:28 Guard Tower
06:32 Scout Tower
06:34 Scout Tower
06:37 Scout Tower
06:41 Scout Tower
06:42 Scout Tower
06:43 Scout Tower
06:44 Scout Tower
07:00 Guard Tower
07:11 Guard Tower
07:13 Scout Tower
07:30 Guard Tower
07:33 Scout Tower
07:35 Scout Tower
07:46 Guard Tower
07:51 Scout Tower
07:51 Scout Tower
07:56 Guard Tower
07:58 Scout Tower
07:59 Scout Tower
08:10 Guard Tower
08:14 Scout Tower
08:15 Scout Tower
08:21 Guard Tower
08:22 Guard Tower
08:24 Scout Tower
08:24 Scout Tower
09:17 Guard Tower
09:19 Scout Tower
09:21 Scout Tower
09:39 Guard Tower
09:42 Guard Tower
09:42 Arcane Sanctum
10:23 Guard Tower
10:26 Scout Tower
10:27 Scout Tower
10:39 Arcane Sanctum
10:44 Castle
10:44 Castle
10:44 Castle
10:44 Castle
11:25 Guard Tower
11:27 Scout Tower
11:28 Scout Tower
11:28 Scout Tower
11:29 Scout Tower
12:30 Guard Tower
12:34 Scout Tower
12:34 Scout Tower
12:35 Scout Tower
12:35 Scout Tower
12:36 Scout Tower
12:37 Scout Tower
12:42 Scout Tower
12:42 Scout Tower
12:43 Scout Tower
13:27 Guard Tower
13:30 Scout Tower
13:30 Scout Tower
13:31 Scout Tower
13:39 Guard Tower
13:42 Scout Tower
13:43 Scout Tower
14:36 Guard Tower
14:39 Guard Tower
14:42 Guard Tower
15:05 Guard Tower
15:07 Arcane Vault
15:08 Arcane Vault
15:08 Arcane Vault
15:11 Arcane Vault
15:12 Arcane Vault
15:17 Farm
16:12 Guard Tower
16:26 Scout Tower
16:27 Scout Tower
16:28 Scout Tower
16:29 Scout Tower
16:40 Guard Tower
16:43 Scout Tower
17:29 Arcane Vault
17:40 Guard Tower
17:42 Scout Tower
17:54 Scout Tower
17:55 Scout Tower
18:31 Guard Tower
18:34 Scout Tower
18:35 Scout Tower
18:36 Scout Tower
18:41 Scout Tower
18:42 Scout Tower
18:42 Scout Tower
19:10 Guard Tower
19:29 Guard Tower
19:41 Guard Tower
19:44 Scout Tower
19:45 Scout Tower
19:47 Guard Tower
20:41 Guard Tower
20:43 Scout Tower
20:44 Scout Tower
20:44 Scout Tower
20:49 Scout Tower
20:50 Scout Tower
20:51 Scout Tower
20:51 Scout Tower
20:56 Scout Tower
20:56 Scout Tower
21:10 Guard Tower
21:15 Scout Tower
21:49 Guard Tower
21:51 Guard Tower
21:54 Guard Tower
21:54 Guard Tower
21:54 Guard Tower
21:57 Scout Tower
21:58 Scout Tower
21:59 Scout Tower
22:00 Scout Tower
22:34 Scout Tower
22:35 Scout Tower
23:22 Guard Tower
23:27 Scout Tower
23:28 Scout Tower
24:11 Guard Tower
24:39 Guard Tower
25:07 Scout Tower
25:08 Scout Tower
25:17 Scout Tower
26:03 Guard Tower
26:03 Guard Tower
26:03 Guard Tower
26:31 Scout Tower
26:31 Scout Tower
26:33 Scout Tower
27:01 Guard Tower
27:04 Scout Tower
27:05 Scout Tower
27:06 Scout Tower
28:05 Guard Tower
28:53 Scout Tower
28:53 Scout Tower
28:54 Scout Tower
28:55 Scout Tower
28:56 Scout Tower
28:57 Scout Tower
28:58 Scout Tower
29:00 Scout Tower
29:01 Scout Tower
29:01 Scout Tower
29:02 Scout Tower
29:03 Scout Tower
29:04 Scout Tower
29:33 Scout Tower
29:34 Scout Tower
29:35 Scout Tower
29:36 Guard Tower
30:13 Guard Tower
30:16 Guard Tower
30:18 Guard Tower
30:18 Guard Tower
31:07 Guard Tower
31:09 Scout Tower
31:11 Scout Tower
31:12 Scout Tower
31:14 Scout Tower
31:15 Scout Tower
31:16 Scout Tower
31:17 Scout Tower
31:17 Scout Tower
31:19 Scout Tower
» items
| Healing Salve | 2 | |
| Lesser Clarity Potion | 2 | |
| Orb of Lightning | 3 | |
| Scroll of Town Portal | 1 | |
| Potion of Healing | 1 | |
| Staff of Sanctuary | 3 | |
12 total
Chat log
(04:58 / All) Birdeneering: really expected better
(05:05 / All) MightySwarm: lol
(05:06 / All) MightySwarm: ok
(05:09 / All) HotDogPizza1: loL!@
(05:10 / All) nutsonyochin.de: cya
(05:10 / All) HotDogPizza1: this is like the fourth time
(05:10 / All) nutsonyochin.de: cya
(05:11 / All) nutsonyochin.de: cya
(05:11 / All) Birdeneering: and you fail this miserably
(10:31 / All) Birdeneering: red
(10:32 / All) Birdeneering: red
(10:33 / All) Birdeneering: what did you just dp
(24:27 / All) HotDogPizza1: again
(24:29 / All) HotDogPizza1: clan towa wins
(24:48 / All) Birdeneering: how can you lose to this ridiculous strategy several times in a row
(25:02 / All) Birdeneering: Is there a button we can push
(25:06 / All) Birdeneering: Like in terminator 2
(25:09 / All) Birdeneering: that activates your learning
(25:16 / All) MightySwarm: ur tac is lame
(25:18 / All) MightySwarm: lol
(25:20 / All) HotDogPizza1: so beat it
(25:21 / All) MightySwarm: so fuk u
(25:25 / All) HotDogPizza1: just kill the towers
(25:25 / All) MightySwarm: lol
(25:30 / All) GoToYurup: we play legitimately and win. get 0wned NOOBSlards
(26:29 / All) MightySwarm: so boring game
(26:33 / All) HotDogPizza1: owned bitch
(26:34 / All) nutsonyochin.de: cya
(26:36 / All) MightySwarm: wow u suk guys
(26:39 / All) GoToYurup: not our job to entertain U
(26:39 / All) HotDogPizza1: we win
(26:40 / All) HotDogPizza1: we won
(26:41 / All) HotDogPizza1: you lost
(26:42 / All) GoToYurup: it's our job to OWN u
(26:42 / All) HotDogPizza1: you lose
(26:44 / All) HotDogPizza1: you fucking suck
(26:45 / All) Birdeneering: if only you played better
(26:47 / All) HotDogPizza1: you dumb piece of shit
(26:48 / All) Birdeneering: this game would be exciting
(26:51 / All) MightySwarm: come then pussy stop hide
(26:56 / All) MightySwarm: behind tower
(26:59 / All) love-life: why the hassle
(27:00 / All) HotDogPizza1: kill the towers
(27:01 / All) HotDogPizza1: "pussy"
(27:07 / All) MightySwarm: lol
(27:07 / All) love-life: its a game ffs
(27:10 / All) HotDogPizza1: a game you lose
(27:12 / All) HotDogPizza1: every time
(27:19 / All) love-life: i dont care
(27:22 / All) HotDogPizza1: so quit then
(27:23 / All) HotDogPizza1: shitnoob
(27:37 / All) love-life: u go pop ur spots ill go fuck my wife
(27:41 / All) HotDogPizza1: what
(27:42 / All) MightySwarm: wow u suck tho
(27:46 / All) HotDogPizza1: but we won
(27:47 / All) MightySwarm: micro suck
(27:48 / All) HotDogPizza1: so y ou suck more??
(27:52 / All) MightySwarm: that why u need tower lol
(27:58 / All) MightySwarm: okok
(27:59 / All) MightySwarm: FUK U
(28:11 / All) love-life: i dont care mate and if u think i do ur really funny
(28:14 / All) HotDogPizza1: lol
(28:17 / All) HotDogPizza1: http://highper.ch/
(28:33 / All) HotDogPizza1: bye
(28:34 / All) HotDogPizza1: owned
(28:34 / All) Birdeneering: it's crazy how much smarter than u we R
(28:35 / All) HotDogPizza1: clan towa #1
(29:09 / All) HotDogPizza1: hey green
(29:11 / All) HotDogPizza1: get ready to quit
(29:14 / All) HotDogPizza1: shacklin time
(29:22 / All) love-life: yeah man gg
(29:25 / All) HotDogPizza1: fuckin noob
(29:30 / All) love-life: lol
(29:37 / All) HotDogPizza1: dumb cunt
(29:39 / All) GoToYurup: how y'all get so bad ?
(29:39 / All) love-life: hey gg time
(29:40 / All) HotDogPizza1: can't even kill a tower
(29:53 / All) love-life: lads like u make me laugh
(30:03 / All) HotDogPizza1: you like losing i guess?
(30:04 / All) GoToYurup: im not a lad im a fucken GIRL
(30:40 / All) love-life: face to face say what u say and we would see.
(30:43 / All) HotDogPizza1: ok
(30:45 / All) HotDogPizza1: come to canada
(30:47 / All) HotDogPizza1: toronto, ontario
(30:48 / All) love-life: bye
(30:49 / All) Birdeneering: where do you live
(30:50 / All) HotDogPizza1: 381 front st. west
(30:51 / All) Birdeneering: we can meet up
(30:54 / All) love-life: hope u had a good time
(30:57 / All) Birdeneering: we did
(30:58 / All) HotDogPizza1: oh we did
(31:00 / All) Birdeneering: this was hilarious
(31:02 / All) nutsonyochin.de: noob...
(31:02 / All) GoToYurup: we had great time owning U
(31:03 / All) HotDogPizza1: thanks for being awful and shit
(31:03 / All) love-life: nice i did two
(31:07 / All) Birdeneering: where do you live
(31:10 / All) HotDogPizza1: "two
(31:13 / All) love-life: u think noob bothers me lol
(31:14 / All) Birdeneering: where do you live
(31:16 / All) Birdeneering: tough guy
(31:18 / All) Birdeneering: come on
(31:20 / All) Birdeneering: let's talk face 2 face
(31:21 / All) love-life: noob hurts me bad
(31:29 / All) love-life: cunt hurts me bad
(31:37 / All) HotDogPizza1: ?>????
(31:43 / All) love-life: bye guys gg wp hf